cohdb
Replays
Latest Replays
All Replays
Popular Replays
Top Player Replays
Match Explorer
How It Works
Community
CoH3 Stats
Reddit
Sign in to upload your games and track your stats! →
Sign in with Steam
Match 42637915
Unlisted
Match 42637915
Overview
Messages
Build Orders
End
Panzerpioneer Squad
Panzerpioneer Squad
Selects Armored Support Battlegroup
250 Light Carrier
Panzerpioneer Squad
250 Light Carrier
Selects Superior Fire Drills
Construct Light Support Kompanie
Panzergrenadier Squad
Fire Support Elements
Combat Half-tracks
Panzergrenadier Squad
Flakvierling Half-track
Panzerjäger Mechanized Group
Selects Flammpanzer III Medium Tank
Panzerjäger Squad
Flammpanzer III Medium Tank
Veteran Squad Leaders
Selects Command Panzer IV F Medium Tank
Flammpanzer III Medium Tank
2.5-tonne Medical Truck
Selects Salvage Kits
Vehicle Survival Package
Command Panzer IV F Medium Tank
Panzergrenadier Squad
Panzerjäger Mechanized Group
Pak 38 Anti-tank Gun Team
K̳itsuné
PAX AJAX
0
0
Comments
sign in to comment!
No comments posted yet!